 Dungeon Crawl Stone Soup version 0.20-a0-689-g860b9ab (webtiles) character file.

4505 Alarkh the Carver (level 10, -1/68 HPs)
             Began as a Mummy Skald on Feb 19, 2017.
             Was an Initiate of Gozag.
             Slain by a minotaur
             ... wielding a +0 mace
              (10 damage)
             ... in a labyrinth.
             The game lasted 00:20:56 (10836 turns).

Alarkh the Carver (Mummy Skald)                    Turns: 10836, Time: 00:20:56

Health: -1/68      AC:  6    Str: 20    XL:     10   Next: 16%
Magic:  14/22      EV: 12    Int: 15    God:    Gozag
Gold:   377        SH:  0    Dex: 12    Spells: 19/25 levels left

rFire    + . .     SeeInvis +   a - +1 scimitar
rCold    + + .     Gourm    .   b - +0 leather armour
rNeg     + + +     Faith    .   (no shield)
rPois    ∞         Spirit   .   k - +0 helmet
rElec    +         Reflect  .   o - +0 cloak
rCorr    +         Harm     .   (no gloves)
MR       +....                  q - +0 pair of boots
Stlth    +.........             (no amulet)
Regen    0.3/turn               g - ring of see invisible
MPRegen  0.2/turn               f - ring of protection from fire

@: mighty, resistant, very slightly contaminated, hasted, very quick
A: no food or potions, fire vulnerability, cold resistance 1, negative energy
resistance 3, torment resistance, unbreathing
a: Potion Petition, Call Merchant, Bribe Branch, Renounce Religion


You were in a labyrinth.
You worshipped Gozag.
Gozag was aware of your devotion.
You were not hungry.

You visited 3 branches of the dungeon, and saw 10 of its levels.
You also visited: Labyrinth.

You collected 1150 gold pieces.
You spent 34 gold pieces at shops.
You paid 739 gold pieces to Gozag.

Inventory:

Hand Weapons
 a - a +1 scimitar (weapon)
 n - a +0 falchion
Armour
 b - a +0 leather armour (worn)
 k - a +0 helmet (worn)
 o - a +0 cloak (worn)
 q - a +0 pair of boots (worn)
Jewellery
 f - a ring of protection from fire (left hand)
 g - a ring of see invisible (right hand)
Scrolls
 c - a scroll of recharging {unknown}
 d - 3 scrolls of remove curse
 e - a scroll of identify
 l - 3 scrolls of teleportation
 r - a scroll of torment
 t - a scroll of enchant weapon


   Skills:
 + Level 2.7 Fighting
 * Level 9.8 Long Blades
 - Level 0.7 Armour
 + Level 2.1 Dodging
 - Level 8.0 Spellcasting
 - Level 6.0 Charms


You had 19 spell levels left.
You knew the following spells:

 Your Spells              Type           Power        Failure   Level  Hunger
a - Spectral Weapon       Hex/Chrm       ###.....     14%         3    N/A
c - Infusion              Chrm           ###.         1%          1    N/A
e - Shroud of Golubria    Chrm/Tloc      ###.......   8%          2    N/A

Dungeon Overview and Level Annotations

Branches:
Dungeon (8/15)             Temple (1/1) D:5            Lair (1/6) D:8

Altars:
Ashenzari
Cheibriados
Dithmenos
Elyvilon
Fedhas
Gozag
Hepliaklqana
Kikubaaqudgha
Makhleb
Nemelex Xobeh
Okawaru
Qazlal
Ru
Sif Muna
Trog
Uskayaw
Vehumet
Xom
Yredelemnul
Zin
The Shining One

Shops:
Lair:1 *


Innate Abilities, Weirdness & Mutations

You do not eat or drink.
Your flesh is vulnerable to fire.
You are immune to poison.
Your flesh is cold resistant. (rC+)
You are immune to negative energy. (rN+++)
You are immune to unholy pain and torment.
You can survive without breathing.


Message History

Your magical infusion is running out.
You swap places.
You hit the minotaur.
The minotaur is heavily wounded.
You hit the minotaur!
The minotaur is heavily wounded.
* * * LOW HITPOINT WARNING * * *
Casting: Spectral Weapon
Confirm with . or Enter, or press ? or * to list all spells.
You draw out your weapon's spirit!
Unknown command.
You are no longer magically infusing your attacks.
You swing at nothing.
You barely miss the minotaur.
The minotaur is heavily wounded.
You slash the minotaur!
The minotaur is severely wounded.
The minotaur hits you with a mace!
You die...
Your body crumbles into a pile of gold.

# # ##. # .
...# .... #
# ## ####.#
. .
..........
#
.#########.
#
.#(H.....#
# #.#@##
##.#. # #
#.#.. .# .
#. .#.# #.#
# #... #.#
#.#. . . .#
#.#.# #. .
# #. .. #.#
###. .. # .
# # #.# ..
# ### ..
..#.#####
### ###. ..
. . #. #


You could see a minotaur and a friendly spectral scimitar.

Vanquished Creatures
  Pikel (D:4)
  A black mamba (Lair:1)
  A wyvern (D:8)
  Edmund (D:5)
  Menkaure (D:7)
  A water moccasin (Lair:1)
  A slave (D:4)
  Purgy (D:4)
  2 sky beasts (D:5)
  4 orc warriors
  5 ogres
  3 centaurs
  5 bullfrogs
  2 scorpions
  2 vampire bats (D:3)
  A howler monkey (D:6)
  4 crimson imps
  4 hounds
  A bullfrog zombie (D:5)
  An orc priest (D:5)
  A quasit (D:7)
  A gnoll shaman (D:5)
  2 jellies
  Jessica (D:3)
  Ijyb (D:2)
  An iguana (D:8)
  8 orc wizards
  Natasha (thrice) (D:3)
  10 worker ants
  A hound skeleton (D:8)
  Robin (D:3)
  5 gnolls (D:5)
  9 adders
  A howler monkey skeleton (D:5)
  A shadow imp (D:8)
  An ooze (D:3)
  5 worms
  2 dart slugs
  7 leopard geckos
  31 orcs
  3 ball pythons
  4 bat skeletons (D:3)
  3 bat zombies (D:3)
  5 giant cockroaches
  11 goblins
  10 hobgoblins
  12 jackals
  A quokka (D:3)
  5 bats
  8 frilled lizards
  9 kobolds
  3 quokka skeletons
  4 rats
212 creatures vanquished.

Vanquished Creatures (others)
  A slave (D:5)
  An orc (D:5)
  4 spectral weapons
6 creatures vanquished.

Grand Total: 218 creatures vanquished

Notes
Turn   | Place    | Note
-------+----------+-------------------------------------------
     0 | D:1      | Alarkh the Mummy Skald began the quest for the Orb.
     0 | D:1      | Reached XP level 1. HP: 16/16 MP: 4/4
   448 | D:1      | Reached skill level 2 in Long Blades
   525 | D:1      | Reached XP level 2. HP: 7/22 MP: 0/5
  1539 | D:2      | Reached XP level 3. HP: 21/27 MP: 0/7
  1543 | D:2      | Learned a level 2 spell: Shroud of Golubria
  1547 | D:2      | Learned a level 3 spell: Spectral Weapon
  1788 | D:2      | Reached skill level 3 in Long Blades
  1839 | D:2      | Found a faded altar of an unknown god.
  1880 | D:2      | Became a worshipper of Ru the Awakened
  1881 | D:2      | Fell from the grace of Ru
  2162 | D:3      | Reached XP level 4. HP: 28/33 MP: 3/8
  2312 | D:3      | Noticed Natasha
  2353 | D:3      | Killed Natasha
  2581 | D:3      | Noticed Robin
  2587 | D:3      | Noticed Ijyb
  2855 | D:2      | Killed Ijyb
  2855 | D:2      | Reached XP level 5. HP: 22/38 MP: 6/10
  3004 | D:3      | Killed Robin
  3070 | D:3      | Found a shadowy altar of Dithmenos.
  3262 | D:3      | Noticed Natasha
  3276 | D:3      | Reached skill level 4 in Long Blades
  3459 | D:3      | Killed Natasha
  3553 | D:3      | Noticed Jessica
  3562 | D:3      | Killed Jessica
  3626 | D:3      | Found a burning altar of Makhleb.
  3627 | D:3      | Noticed Natasha
  3641 | D:3      | Killed Natasha
  3641 | D:3      | Reached XP level 6. HP: 2/44 MP: 2/12
  4058 | D:3      | Found an ancient bone altar of Kikubaaqudgha.
  4307 | D:4      | Found a bloodstained altar of Trog.
  4509 | D:4      | Noticed Purgy
  4526 | D:4      | Killed Purgy
  4526 | D:4      | Reached skill level 5 in Long Blades
  4526 | D:4      | Reached XP level 7. HP: 21/50 MP: 1/14
  4871 | D:4      | Found a stormy altar of Qazlal.
  4878 | D:4      | Noticed Edmund
  5313 | D:5      | Entered Level 5 of the Dungeon
  5317 | D:5      | Found a glowing golden altar of the Shining One.
  5413 | D:5      | Reached skill level 5 in Spellcasting
  5482 | D:5      | Noticed Pikel
  5723 | D:4      | Killed Pikel
  5723 | D:4      | Reached skill level 6 in Long Blades
  5723 | D:4      | Reached XP level 8. HP: 12/56 MP: 2/17
  5993 | D:5      | Found a staircase to the Ecumenical Temple.
  6102 | Temple   | Entered the Ecumenical Temple
  6233 | Temple   | Became a worshipper of Gozag Ym Sagoz the Greedy
  6969 | D:4      | Reached skill level 7 in Long Blades
  6969 | D:4      | Reached skill level 5 in Charms
  7219 | D:5      | Killed Edmund
  7527 | D:6      | Reached XP level 9. HP: 57/61 MP: 16/19
  7649 | D:6      | Found a glowing golden altar of the Shining One.
  7945 | D:6      | Found a shimmering altar of Xom.
  7945 | D:6      | Found a shimmering altar of Xom.
  7946 | D:6      | Found a shimmering altar of Xom.
  7949 | D:6      | Found a shimmering altar of Xom.
  7949 | D:6      | Found a shimmering altar of Xom.
  7949 | D:6      | Found a shimmering altar of Xom.
  7949 | D:6      | Found a shimmering altar of Xom.
  7950 | D:6      | Found a shimmering altar of Xom.
  7950 | D:6      | Found a shimmering altar of Xom.
  7950 | D:6      | Found a shimmering altar of Xom.
  7950 | D:6      | Found a shimmering altar of Xom.
  8088 | D:7      | Reached skill level 8 in Long Blades
  8147 | D:7      | Noticed Menkaure
  8154 | D:7      | Killed Menkaure
  9077 | D:8      | Found a staircase to the Lair.
  9324 | D:8      | Found a blossoming altar of Fedhas.
  9420 | D:8      | Reached skill level 9 in Long Blades
 10084 | D:8      | Reached XP level 10. HP: 61/67 MP: 19/22
 10239 | Lair:1   | Entered Level 1 of the Lair of Beasts
 10261 | Lair:1   | Bought a scroll labeled XUESHRIAVIB for 34 gold pieces
 10265 | Lair:1   | Noticed a black mamba
 10272 | Lair:1   | Killed a black mamba
 10623 | Lair:1   | Found a labyrinth entrance.
 10628 | Lab      | Entered a labyrinth
 10803 | Lab      | Noticed a minotaur
 10836 | Lab      | Slain by a minotaur

Vault maps used:
D:1:      dpeg_arrival_pits
D:2:      chequers_ecumenical_altar_twisty
D:3:      bloody_makhleb, lemuel_crystal_altar, kennysheep_vampire_church,
          uniq_robin, uniq_jessica, uniq_iyjb, uniq_natasha
D:4:      grunt_qazlal_sundering, bloody_trog, first_bread, uniq_edmund,
          uniq_purgy
D:5:      minmay_temple_entry_overgrown, basic_altar, st_stairs_7, uniq_pikel
D:6:      kennysheep_mini_moat, xom_redecorated
D:7:      uniq_menkaure
D:8:      old_standard_altar, lair_entry_dummy
Temple:   dshaligram_water_room_temple
Lair:1:   lab_entry_generic, serial_bayou_shore_a, lemuel_fruit_tree
Lab:      labyrinth_spiral

Skill      XL: |  1  2  3  4  5  6  7  8  9 10 |
---------------+-------------------------------+-----
Long Blades    | 2 3 4 5 6 7 9 |  9.8
Spellcasting   | 3 4 6 7 8 |  8.0
Charms         | 3 4 5 6 |  6.0
Dodging        | 2 |  2.1
Fighting       | |  2.7
Armour         | |  0.7

Action                   |  1- 3 |  4- 6 |  7- 9 | 10-12 || total
-------------------------+-------+-------+-------+-------++-------
Melee: Falchion          |    87 |   187 |     8 |       ||   282
       Scimitar          |       |       |   292 |    32 ||   324
 Cast: Infusion          |    21 |    23 |    18 |     1 ||    63
       Spectral Weapon   |       |     2 |    65 |     4 ||    71
       Shroud of Golubri |       |     5 |    15 |     1 ||    21
Invok: Renounce Religion |     1 |       |       |       ||     1
       Potion Petition   |       |       |       |     1 ||     1
       Call Merchant     |       |       |       |     1 ||     1
Evoke: Wand              |       |       |     2 |       ||     2
  Use: Scroll            |     3 |     1 |     6 |     1 ||    11
 Stab: Distracted        |       |       |     2 |       ||     2
Armor: Leather armour    |    21 |    96 |    83 |     6 ||   206
Dodge: Dodged            |    43 |   166 |   158 |    17 ||   384
       Rpst.: Falchion   |    13 |    55 |     1 |       ||    69
       Scimitar          |       |       |    41 |     5 ||    46
